 Dungeon Crawl Stone Soup version 0.26.0-10-g1f06aea511 (webtiles) character file.

Game seed: 17201514005020879475

247 funkygono the Chiller (level 5, -6/38 HPs)
             Began as a Draconian Ice Elementalist on Jan 20, 2021.
             Was an Initiate of Sif Muna.
             Killed by nerve-wracking pain
             ... invoked by Grinder
              (13 damage)
             ... on level 4 of the Dungeon.
             The game lasted 00:08:21 (3293 turns).

funkygono the Chiller (Draconian Ice Elementalist)  Turns: 3293, Time: 00:08:21

Health: -6/38      AC:  5    Str: 10    XL:     5   Next: 85%
Magic:  11/11      EV: 12    Int: 16    God:    Sif Muna [......]
Gold:   209        SH:  0    Dex: 12    Spells: 1/12 levels left

rFire    . . .     SeeInvis .   k - +0 whip
rCold    . . .     Faith    .   (no shield)
rNeg     . . .     Spirit   .   (armour unavailable)
rPois    .         Reflect  .   (helmet restricted)
rElec    .         Harm     .   (no cloak)
rCorr    .         Rampage  .   (no gloves)
Will     +....                  (no boots)
Stlth    +.........             (no amulet)
HPRegen  0.12/turn              (no ring)
MPRegen  0.12/turn              m - ring of willpower

@: confused
A: unfitting armour, cold-blooded, AC +5
a: Renounce Religion


You were on level 4 of the Dungeon.
You worshipped Sif Muna.
Sif Muna was noncommittal.
You visited 1 branch of the dungeon, and saw 5 of its levels.

You collected 209 gold pieces.

Inventory:

Hand Weapons
 b - a +0 dagger
 k - a +0 whip (weapon)
 l - a +1 whip of venom
Armour
 d - a cursed +0 kite shield
Jewellery
 m - a ring of willpower (right hand)
Wands
 g - a wand of random effects (15)
Scrolls
 a - a scroll of fog
 i - a scroll of amnesia
 j - 3 scrolls of identify
Potions
 c - a potion of flight
 e - 3 potions of berserk rage
 f - 3 potions of curing


   Skills:
 + Level 1.8 Dodging
 + Level 1.8 Stealth
 * Level 4.0 Spellcasting
 * Level 5.9 Ice Magic


You had one spell level left.
You knew the following spells:

 Your Spells              Type           Power        Failure   Level
a - Freeze                Ice            88%          1%          1
b - Frozen Ramparts       Ice            44%          4%          3
c - Ozocubu's Armour      Ice            22%          4%          3
d - Hailstorm             Conj/Ice       12%          45%         4

Your spell library contained the following spells:

 Spells                   Type           Power        Failure   Level
 Summon Ice Beast         Ice/Summ       12%          45%         4


Dungeon Overview and Level Annotations

Branches:
Dungeon (5/15)
 Temple: D:4-7

Altars:
Dithmenos
Sif Muna

Annotations:
D:4 Grinder


Innate Abilities, Weirdness & Mutations

Your plain brown scales are hard. (AC +5)
You cannot fit into any form of body armour.
You are cold-blooded and may be slowed by cold attacks.


Message History

There is a stone staircase leading up here.
You start resting.
Magic restored.
You start resting.
A leopard gecko comes into view.
A leopard gecko is nearby!
You climb upwards.
Level annotation: Grinder
There is a stone staircase leading down here.
You hit Grinder but do no damage. Grinder hits you! Grinder misses you.
You closely miss Grinder.
Your tail-slap misses Grinder.
Grinder gestures at you. You resist with almost no effort.
You closely miss Grinder. Grinder hits you!
* * * LOW HITPOINT WARNING * * *
You are confused.
You feel invigorated. Grinder gestures at you. Pain shoots through your body!
You die...

# ### #. ..#
#.#####.#
#.......#
#...@#..#
####.##5#..####...
..................
.###.......######.
#.#......#
#.#.##.#.#
#......#.#
#.#####.#.##.#
#.......#5##.#


You could see Grinder.

Vanquished Creatures
  3 orc wizards (D:3)
  A worker ant (D:4)
  8 adders
  2 worms (D:3)
  A dart slug (D:3)
  2 leopard geckos
  5 orcs
  7 giant cockroaches
  7 goblins
  4 hobgoblins
  2 jackals (D:3)
  3 quokkas
  2 bats
  5 kobolds
  4 rats
56 creatures vanquished.

Notes
Turn   | Place    | Note
-------+----------+-------------------------------------------
     0 | D:1      | funkygono the Draconian Ice Elementalist began the quest
                  | for the Orb.
     0 | D:1      | Reached XP level 1. HP: 14/14 MP: 3/3
   382 | D:1      | Reached XP level 2. HP: 20/20 MP: 1/5
  1035 | D:2      | Reached XP level 3. HP: 18/26 MP: 1/6
  1039 | D:2      | Learned a level 3 spell: Frozen Ramparts
  1472 | D:2      | Found a shadowy altar of Dithmenos.
  1491 | D:2      | Reached skill level 5 in Ice Magic
  1565 | D:2      | Reached XP level 4. HP: 33/33 MP: 5/8
  1569 | D:2      | Learned a level 3 spell: Ozocubu's Armour
  1784 | D:2      | Found a faded altar of an unknown god.
  2387 | D:3      | Reached XP level 5. HP: 37/38 MP: 7/10
  2654 | D:3      | Learned a level 4 spell: Hailstorm
  2854 | D:3      | Found a shimmering blue altar of Sif Muna.
  2858 | D:3      | Became a worshipper of Sif Muna the Loreminder
  3190 | D:4      | Noticed Grinder
  3209 | D:4      | Paralysed by Grinder for 3 turns
  3226 | D:5      | Entered Level 5 of the Dungeon
  3293 | D:4      | Killed from afar by Grinder

Illustrated notes

Levels and vault maps discovered:
D:1:      dpeg_arrival_arbitrary_b, layout_basic, minmay_tromino_v2
D:2:      layout_loops_ring, nicolae_dithmenos_shadow_blocks,
          chequers_ecumenical_altar_twisty
D:3:      layout_loops_ring, corexii_corridor_pit, led_sif_book
D:4:      layout_loops_corners, serial_shops, shop, kennysheep_doodads,
          uniq_grinder, uniq_eustachio, uniq_duvessa
D:5:      layout_basic, basic_altar, serial_shops, shop

Skill      XL: |  1  2  3  4  5 |
---------------+----------------+-----
Ice Magic      | 5 |  5.9
Spellcasting   | 3 4 |  4.0
Dodging        | |  1.8
Stealth        | |  1.8

Action                   |  1- 3 |  4- 6 || total
-------------------------+-------+-------++-------
Melee: Dagger            |     2 |    29 ||    31
       Tailslap          |       |     2 ||     2
       Whip              |       |     8 ||     8
 Cast: Freeze            |    41 |    44 ||    85
       Frozen Ramparts   |     1 |     8 ||     9
       Ozocubu's Armour  |       |     1 ||     1
  Use: Scroll            |     5 |     3 ||     8
       Potion            |       |     1 ||     1
Armor: Skin              |     6 |    15 ||    21
Dodge: Dodged            |    17 |    47 ||    64
